AoeStats
← Noir_Angel

Golden Pit

509699371Analyzed
1v1 RM · 3d ago on Sep 27, 2026· 46m 17s· 2 players
Game mode
Random Map
Map size
Tiny (2 player)
Population
200
Speed
Normal
Resources
Standard
Victory
Conquest
Starting age
Dark Age
Ending age
Imperial Age
RankedLock teamsTeams togetherTeam positionsShared explorationLock speedFull tech treeHidden civsTurbo modeCheats
Victory
Defeat
🇨🇱 Italians · Chile
1016
+16
🇩🇪 Saxons · Germany
1009
-16
Noir_Angel
7:33 Loom
11:03 Feudal Age
11:13 Man-at-Arms
11:50 Horse Collar
17:22 Double-Bit Axe
23:08 Wheelbarrow
25:18 Castle Age
26:15 Pikeman
26:59 Scale Mail Armor
30:47 Squires
31:17 Bow Saw
33:20 Chain Mail Armor
33:16 Forging
32:53 Gambesons
33:42 Heavy Plow
35:05 Arson
36:06 Stone Mining
36:06 Gold Mining
38:01 Hand Cart
37:31 Town Watch
41:02 Imperial Age
42:43 Iron Casting
44:10 Fletching
44:51 Plate Mail Armor
46:00 Two-Man Saw
Elchileno
5:32 Loom
9:35 Feudal Age
10:36 Horse Collar
15:17 Forging
17:02 Double-Bit Axe
22:30 Castle Age
22:11 Gold Mining
22:15 Fletching
23:43 Bow Saw
23:41 Heavy Plow
23:36 Stone Mining
24:06 Bloodlines
24:13 Light Cavalry
24:54 Husbandry
27:11 Wheelbarrow
26:59 Bodkin Arrow
26:54 Town Watch
26:56 Crossbowman
30:32 Town Patrol
30:47 Scale Barding Armor
32:32 Thumb Ring
35:48 Fervor
37:44 Ballistics
40:24 Iron Casting
43:00 Imperial Age
41:23 Hand Cart
41:57 Chain Barding Armor
44:29 Conscription
44:30 Arbalester
Connection lost

Rejoining the realm…

Still unreachable

The connection could not be restored.

Session expired

The server has moved on; the page needs a fresh start.